 Dungeon Crawl Stone Soup version 0.31.0-32-g396128a36d (webtiles) character file.

Game seed: 4605975223813413277

260 Caestello the Scratcher (level 5, 0/25 HPs)
             Began as a Felid Shapeshifter on Mar 26, 2024.
             Slain by Duvessa
             ... wielding a +2 rapier of speed
              (14 damage)
             ... on level 4 of the Dungeon.
             The game lasted 00:09:41 (3136 turns).

Caestello the Scratcher (Felid Shapeshifter)        Turns: 3136, Time: 00:09:41

Health: 0/25       AC:  1    Str: 10    XL:     5   Next: 95%
Magic:  6/6        EV: 18    Int: 14    God:
Gold:   143        SH:  0    Dex: 17    Spells: 4/4 levels left
                                        Lives:  0   Deaths: 2

rFire   . .          .
                       - Unarmed
rCold   . . .        (shield unavailable)
rNeg    . . .        (body armour unavailable)
rPois   .            (helmet unavailable)
rElec   .            (cloak unavailable)
rCorr   .            (gloves unavailable)
SInv    +            (boots unavailable)
Will    .....        d - amulet of the acrobat
Stlth   +++          (no ring)
HPRegen 0.24/turn    (no ring)
MPRegen 0.10/turn

%: acrobat
@: beast-form
A: beast (slay +2), very small, claws 1, fangs 3, see invisible, shaggy fur 1,
stealthy paws, no weapons or thrown items, no armour, multi-lived
a: Begin Untransformation


You were on level 4 of the Dungeon.
You were a hulking beast.
You visited 1 branch of the dungeon, and saw 4 of its levels.

You collected 143 gold pieces.

Inventory:

Jewellery
 d - an amulet of the acrobat (around neck)
 f - an amulet of regeneration
Talismans
 b - a beast talisman
 c - a flux talisman
Scrolls
 k - a scroll of enchant weapon {unknown}
 l - 2 scrolls of revelation {unknown}
 m - a scroll of vulnerability {unknown}
 n - a scroll of immolation {unknown}
 q - a scroll of enchant armour {unknown}
Potions
 a - 4 potions of lignification
 e - a potion of magic {unknown}
 g - a potion of brilliance {unknown}
 h - a potion of might {unknown}
 i - 2 potions of berserk rage
 j - a potion of haste {unknown}
 o - 2 potions of attraction
 p - a potion of heal wounds {unknown}
 r - 2 potions of enlightenment {unknown}
 s - a potion of invisibility {unknown}


   Skills:
 + Level 1.5 Fighting
 + Level 3.4 Dodging
 * Level 3.5 Stealth
 + Level 5.0 Unarmed Combat
 + Level 3.5 Shapeshifting


You had 4 spell levels left.
You didn't know any spells.
Your spell library contained the following spells:

 Spells                   Type           Power      Damage    Failure   Level
 Ensorcelled Hibernation  Hex/Ice        0%         N/A       41%         2
 Passwall                 Erth           0%         N/A       65%         3
 Swiftness                Air            0%         N/A       65%         3


Dungeon Overview and Level Annotations

Branches:
Dungeon (4/15)
 Temple: D:4-7

Altars:
Elyvilon
Qazlal

Annotations:
D:4 Blork the orc, Duvessa, Ijyb


Innate Abilities, Weirdness & Mutations

You are a hulking beast.
Your limbs bulge with bestial killing power. (Slay +2)
You have sharp claws.
You have razor-sharp teeth.
You have supernaturally acute eyesight. (SInv)
You are covered in fur. (AC +1)
Your paws help you pounce on unaware monsters.
You are incapable of wielding weapons or throwing items.
You cannot wear armour.
You gain extra lives every three experience levels.


Message History

The orc wizard hits you with a +0 dagger of protection.
You scratch the orc wizard.
You kill the orc wizard!
Your Unarmed Combat skill increases to level 5!
Things that are here:
a +0 dagger of protection; a +0 robe; an orc corpse
Things that are here:
a +0 dagger of protection; a +0 robe; an orc corpse HP restored.
Things that are here:
a +0 club; a goblin skeleton The kobold shouts!
The kobold completely misses you.
You scratch the kobold.
The kobold is moderately wounded.
The kobold hits you but does no damage.
You scratch the kobold.
You kill the kobold!
Things that are here:
a +0 club; a kobold corpse Duvessa misses you.
Ijyb shouts!
You scratch Duvessa but do no damage. Your bite misses Duvessa.
Duvessa hits you with a +2 rapier of speed.
Duvessa closely misses you.
You scratch Duvessa.
Duvessa is lightly wounded.
Duvessa barely misses you.
You scratch Duvessa.
Duvessa is lightly wounded.
Duvessa closely misses you.
You claw Duvessa!
Duvessa is moderately wounded.
Duvessa hits you with a +2 rapier of speed!
Duvessa barely misses you.
You scratch Duvessa. You bite Duvessa.
Duvessa is moderately wounded.
Duvessa hits you with a +2 rapier of speed!
Ouch! That really hurt!
You die...

#..............###.#
#......(.........#.#
#...........#..#.#.#
#####..........#####...#
.....K###...........#####
.....)# #......##.......#
......# #....g.##.#.....#
......###......##.#######
...............eh># #.#
##.######......##.#####.#
#.# #......##)#.....# #.#
#......##.#.###.# ..#
###.....#.#.#...# # ..
#.....#.#.#.###
#.....#.#.#.#
#.....#.#.#.# ####
#.....#.#.#.#


You could see Duvessa and Ijyb.

Vanquished Creatures
  2 bombardier beetles
  A hound (D:3)
  An orc priest (D:4)
  Jessica (D:2)
  An orc wizard (D:4)
  A gnoll (D:1)
  An adder (D:3)
  A ribbon worm (D:2)
  A dart slug (D:1)
  An orc (D:4)
  7 bats
  4 endoplasms
  5 giant cockroaches
  6 goblins
  6 hobgoblins
  2 quokkas
  3 ball pythons
  6 frilled lizards
  4 kobolds
  5 rats
59 creatures vanquished.

Notes
Turn   | Place    | Note
-------+----------+-------------------------------------------
     0 | D:1      | Caestello the Felid Shapeshifter began the quest for the
                  | Orb.
     0 | D:1      | Reached XP level 1. HP: 10/10 MP: 2/2
   208 | D:1      | Reached XP level 2. HP: 14/14 MP: 3/3
   374 | D:1      | Found a faded altar of an unknown god.
   806 | D:1      | Reached XP level 3. HP: 14/18 MP: 4/4
   899 | D:2      | Noticed Jessica
   936 | D:2      | Killed Jessica
   937 | D:2      | Reached skill level 1 in Stealth
  1108 | D:2      | Reached XP level 4. HP: 22/22 MP: 5/5
  1108 | D:2      | Gained a life (2 lives remaining)
  1170 | D:2      | Reached skill level 4 in Unarmed Combat
  1976 | D:3      | Found a white marble altar of Elyvilon.
  2593 | D:4      | Found a stormy altar of Qazlal.
  2595 | D:4      | Reached XP level 5. HP: 25/25 MP: 6/6
  2760 | D:4      | Killed from afar by an orc wizard
  2760 | D:4      | Lost a life (1 life remaining)
  2789 | D:4      | Noticed Ijyb
  2794 | D:4      | Noticed Blork the orc
  2795 | D:4      | Noticed Duvessa
  2822 | D:4      | HP: 1/25 [hound (6)]
  2825 | D:3      | Slain by a hound
  2825 | D:3      | Lost a life (0 lives remaining)
  3055 | D:4      | Reached skill level 5 in Unarmed Combat
  3136 | D:4      | Slain by Duvessa

Illustrated notes

Levels and vault maps discovered:
D:1:      dpeg_arrival_castle, layout_basic, shapermc_ecumenical_altar_gd
D:2:      cheibrodos_old_hovel, layout_basic, uniq_jessica
D:3:      layout_basic, mainiacjoe_overflow_six_doors_small,
          kennysheep_cluttered_room
D:4:      layout_basic, overflow_temple_1_default, solitary_fountain,
          chequers_serial_rivers_micro_b, uniq_ijyb, uniq_blork_the_orc,
          uniq_duvessa

Skill      XL: |  1  2  3  4  5 |
---------------+----------------+-----
Shapeshifting  | 3 |  3.5
Dodging        | 3 |  3.4
Stealth        | 1 2 3 |  3.5
Unarmed Combat | 4 5 |  5.0
Fighting       | |  1.5

Action                     |  1- 3 |  4- 6 || total
---------------------------+-------+-------++-------
  Melee: Unarmed           |    73 |    81 ||   154
         Bite              |     3 |     9 ||    12
    Use: Scroll            |     3 |     2 ||     5
   Stab: Sleeping          |     1 |     5 ||     6
 Armour: Skin              |    16 |    30 ||    46
  Dodge: Dodged            |    46 |    64 ||   110
